 Dungeon Crawl Stone Soup version 0.31-a0-229-g1fc7ce93e2 (webtiles) character file.

Game seed: 1812139305572067118

108 qw the Shooter (level 4, -9/36 HPs)
             Began as a Minotaur Hexslinger on July 6, 2023.
             Mangled by a gnoll
             ... wielding a +0 halberd of venom
             ... led by a gnoll sergeant
              (11 damage)
             ... on level 3 of the Dungeon.
             The game lasted 00:00:38 (1842 turns).

qw the Shooter (Minotaur Hexslinger)                Turns: 1842, Time: 00:00:39

Health: -9/36      AC:  5    Str: 12    XL:     4   Next: 58%
Magic:  4/4        EV: 11    Int: 10    God:
Gold:   128        SH:  0    Dex: 15    Spells: 4/5 levels left

rFire   . . .        d - +2 sling (heavy)
rCold   . . .        (no shield)
rNeg    . . .        h - +0 ring mail
rPois   .            (helmet restricted)
rElec   .            (no cloak)
rCorr   .            (no gloves)
SInv    .            (no boots)
Will    .....        (no amulet)
Stlth   +            (no ring)
HPRegen 0.26/turn    (no ring)
MPRegen 0.09/turn

%: no passive effects
@: no status effects
A: horns 2, retaliatory headbutt
a: no special abilities


You were on level 3 of the Dungeon.
You visited 1 branch of the dungeon, and saw 3 of its levels.

You collected 128 gold pieces.


Innate Abilities, Weirdness & Mutations

You have a pair of horns on your head.
You reflexively headbutt those who attack you in melee.


   Skills:
 - Level 2.0 Fighting
 + Level 4.9 Ranged Weapons
 - Level 1.1 Armour
 - Level 2.1 Dodging
 - Level 1.0 Spellcasting
 - Level 2.0 Hexes


You had 4 spell levels left.
You knew the following spells:

 Your Spells              Type           Power      Damage    Failure   Level
a - Slow                  Hex            16%        N/A       34%         1

Your spell library contained the following spells:

 Spells                   Type           Power      Damage    Failure   Level
 Inner Flame              Hex/Fire       2%         N/A       83%         3
 Portal Projectile        Hex/Tloc       4%         N/A       83%         3
 Cause Fear               Hex            2%         N/A       98%         4

Inventory:

Hand Weapons
 d - a +2 heavy sling (weapon)
Armour
 h - a +0 ring mail (worn)
Scrolls
 g - 3 scrolls of teleportation
 m - 2 scrolls of identify
Potions
 e - a potion of curing
 f - a potion of berserk rage {unknown}
 i - a potion of brilliance {unknown}
 k - a potion of degeneration {unknown}

Dungeon Overview and Level Annotations

Branches:
Dungeon (3/15)

Altars:


Message History

The gnoll hits you with a +0 spear.
You shoot a sling bullet.
The sling bullet hits the gnoll but does no damage.
The gnoll is heavily wounded.
The gnoll sergeant hits you from afar with a +0 spear.
The gnoll barely misses you. The gnoll hits you with a +0 spear.
The gnoll sergeant hits you from afar with a +0 spear.
You shoot a sling bullet. The sling bullet hits the gnoll.
You kill the gnoll!
The gnoll sergeant misses you. x2
1836 ||| Stepping ~*~*~tactically~*~*~ (outnumbered).
You start resting.
A gnoll sergeant is nearby!
You shoot a sling bullet.
The sling bullet barely misses the gnoll sergeant.
The gnoll sergeant hits you with a +0 spear!
The gnoll sergeant barely misses you.
You shoot a sling bullet.
The sling bullet closely misses the gnoll sergeant.
The gnoll sergeant hits you but does no damage.
The gnoll sergeant hits you with a +0 spear.
You shoot a sling bullet.
The sling bullet hits the gnoll sergeant.
The gnoll sergeant is lightly wounded.
You shoot a sling bullet.
The sling bullet hits the gnoll sergeant but does no damage.
The gnoll sergeant is lightly wounded.
A gnoll comes into view. It is wielding a +0 whip.
The gnoll barely misses you.
The gnoll sergeant hits you with a +0 spear. x2
The gnoll closely misses you.
You shoot a sling bullet.
The gnoll sergeant blocks the sling bullet.
The gnoll shouts!
The gnoll closely misses you.
The gnoll sergeant hits you with a +0 spear.
The gnoll hits you with a +0 whip.
The gnoll sergeant hits you with a +0 spear!
The gnoll hits you from afar with a +0 halberd of venom!
You die...

#.#####.#######
#######.#####.##.....
#..)..#.##...........
#..#.......##.#.#####
#.....#.#####.#.#####
#.#.#.#.......#.##)..
#.#.#.#########.##...
#.#.#.# #..........
#..g@.# #.....#...#
###g### #..........
#...g)gg...#.....#...#
#.##.##.##.#.....##..#
# #.# # #########..
#.. ### #.# #.# ...


You could see a gnoll sergeant and 2 gnolls.

Vanquished Creatures
  Jessica (D:2)
  A gnoll (D:3)
  3 adders
  A worm (D:2)
  2 dart slugs
  An orc (D:3)
  2 bats
  2 endoplasms
  A giant cockroach (D:1)
  3 goblins
  3 hobgoblins
  2 quokkas
  8 ball pythons
  2 frilled lizards
  4 kobolds
  4 rats
40 creatures vanquished.

Notes
Turn   | Place    | Note
-------+----------+-------------------------------------------
     0 | D:1      | qw the Minotaur Hexslinger began the quest for the Orb.
     0 | D:1      | Reached XP level 1. HP: 16/16 MP: 1/1
     0 | D:1      | 0 ||| qw: Version: 0.3-a-46-gb1f654a
     0 | D:1      | 0 ||| qw: Game counter: 1103
     0 | D:1      | 0 ||| qw: Melee chars always use a shield: true
     0 | D:1      | 0 ||| qw: God list: Okawaru
     0 | D:1      | 0 ||| qw: Allow faded altars: false
     0 | D:1      | 0 ||| qw: Do Orc after clearing Dungeon:15 true
     0 | D:1      | 0 ||| qw: Do second Lair branch before Depths: true
     0 | D:1      | 0 ||| qw: Lair rune preference: random
     0 | D:1      | 0 ||| qw: Goals: Normal
     0 | D:1      | 0 ||| PLANNING D:1-11
   123 | D:1      | Found a faded altar of an unknown god.
   217 | D:1      | Reached skill level 3 in Ranged Weapons
   226 | D:1      | Reached XP level 2. HP: 23/23 MP: 2/2
   740 | D:1      | 740 ||| UPGRADING to +0 ring mail.
   750 | D:1      | 750 ||| DROPPING +0 robe.
   751 | D:1      | 751 ||| READING scroll labelled FUKLURRYTOU.
   752 | D:1      | 752 ||| READING 2 scrolls labelled XEG XANUIPTEQO.
   756 | D:1      | 756 ||| READING scroll labelled IMIH GATHURO.
   757 | D:1      | 757 ||| READING scroll labelled LIDGHI WIESCHEGAO.
   758 | D:1      | 758 ||| DRINKING 2 golden potions.
   759 | D:1      | 759 ||| DROPPING scroll of poison.
  1112 | D:2      | Noticed Jessica
  1116 | D:2      | Reached XP level 3. HP: 29/29 MP: 3/3
  1116 | D:2      | Killed Jessica
  1117 | D:2      | Reached skill level 4 in Ranged Weapons
  1162 | D:2      | Reached skill level 1 in Armour
  1493 | D:2      | 1493 ||| READING scroll labelled HUEPLU NEN XUO.
  1494 | D:2      | 1494 ||| READING 2 scrolls labelled PEOTHR XUGOURO.
  1495 | D:2      | 1495 ||| READING scroll labelled URPHYU BAIMIM.
  1496 | D:2      | 1496 ||| READING scroll labelled WOUQAT GEX.
  1497 | D:2      | 1497 ||| READING scroll labelled GINAUF YCUI.
  1498 | D:2      | 1498 ||| DRINKING 2 purple potions.
  1499 | D:2      | 1499 ||| DROPPING scroll of fog.
  1500 | D:2      | 1500 ||| DROPPING potion of attraction.
  1519 | D:3      | 1519 ||| STAIRDANCE
  1523 | D:2      | Reached XP level 4. HP: 24/36 MP: 4/4
  1830 | D:3      | Noticed a gnoll sergeant
  1831 | D:3      | 1831 ||| Stepping ~*~*~tactically~*~*~ (outnumbered).
  1836 | D:3      | 1836 ||| Stepping ~*~*~tactically~*~*~ (outnumbered).
  1842 | D:3      | HP: 2/36 [gnoll sergeant/+0 spear (8)]
  1842 | D:3      | Mangled by a gnoll

Levels and vault maps discovered:
D:1:      ncdulo_lavacross, layout_basic, ebering_ecumenical_altar_webs
D:2:      layout_loops_ring, kennysheep_generic_room_9, uniq_jessica
D:3:      layout_loops_cross, nicolae_overflow_ecumenical_swirl

Skill      XL: |  1  2  3 |
---------------+----------+-----
Ranged Weapons | 3 4 |  4.9
Fighting       | 2 |  2.0
Armour         | 1 |  1.1
Dodging        | |  2.1
Spellcasting   | |  1.0
Hexes          | |  2.0

Action                     |  1- 3 |  4- 6 || total
---------------------------+-------+-------++-------
   Fire: Sling             |    96 |    24 ||   120
    Use: Scroll            |     9 |       ||     9
         Potion            |     2 |       ||     2
 Armour: Robe              |     8 |       ||     8
         Ring mail         |    11 |     1 ||    12
  Dodge: Dodged            |    37 |    11 ||    48

Table legend:
 A = Non-vault XP
 B = Vault XP
 C = Vault XP percentage of total XP
 D = Non-vault monster count
 E = Vault monster count
 F = Vault count percentage of total count
                 A         B        C        D         E       F
            +---------+---------+-------+---------+---------+-------
      Total |     117 |      38 |  24.5 |      38 |       2 |   5.0
            +---------+---------+-------+---------+---------+-------
        D:1 |      28 |       0 |   0.0 |      18 |       0 |   0.0
        D:2 |      42 |      38 |  47.5 |       9 |       2 |  18.2
        D:3 |      47 |       0 |   0.0 |      11 |       0 |   0.0
            +---------+---------+-------+---------+---------+-------
